 Dungeon Crawl Stone Soup version 0.19-a0-1740-g0bcaf2e (webtiles) character file.

13972 kae the Carver (level 12, -10/99 HPs)
             Began as a Formicid Fighter on Oct 2, 2016.
             Was a High Priest of Ru.
             Mangled by a 12-headed hydra (13 damage)
             ... on level 11 of the Dungeon.
             The game lasted 00:18:57 (13242 turns).

kae the Carver (Formicid Fighter)                  Turns: 13242, Time: 00:18:57

Health: -10/99     AC:  8    Str: 29    XL:     12   Next: 39%
Magic:  0/15       EV: 10    Int: 10    God:    Ru [*****.]
Gold:   618        SH: 13    Dex: 10    Spells: 0 memorised, 11 levels left

rFire  x . .     SeeInvis +     M - +2 long sword (drain) (curse)
rCold  x . .     Gourm    .     P - +0 ring mail "Omninop" {rN+ Slay+4}
rNeg   + . .     Faith    .     c - +1 shield
rPois  +         Spirit   +     (helmet unavailable)
rElec  .         Dismiss  .     q - +0 cloak
rCorr  .         Reflect  .     E - +0 pair of gloves
MR     +....     Harm     .     (no boots)
Stlth  +.........               A - amulet of guardian spirit
                                i - ring of poison resistance
                                w - ring of Lupedutu {Str+3 Int+2 Stlth+}

@: no status effects
A: permanent stasis, dig shafts and tunnels, four strong arms, antennae 3, hated
by all, no charms magic, no fire magic, no necromancy magic, temperature
sensitive
a: Dig, Shaft Self, Draw Out Power, Power Leap, Apocalypse, Renounce Religion


You were on level 11 of the Dungeon.
You worshipped Ru.
Ru was extremely pleased with you.
You were very hungry.

You visited 2 branches of the dungeon, and saw 12 of its levels.
You also visited: Ossuary.

You collected 681 gold pieces.
You spent 63 gold pieces at shops.

Inventory:

Hand Weapons
 a - a +1 long sword
 K - a +3 falchion
 L - a +3 falchion
 M - a cursed +2 long sword of draining (weapon)
 S - a cursed +3 falchion
Armour
 b - a +0 scale mail
 c - a +1 shield (worn)
 q - a +0 cloak (worn)
 E - a +0 pair of gloves (worn)
 P - the +0 ring mail "Omninop" (worn) {rN+ Slay+4}
   (You found it on level 10 of the Dungeon)

   It affects your accuracy and damage with ranged weapons and melee attacks
   (+4).
   It protects you from negative energy.
Jewellery
 d - an uncursed ring of stealth
 i - a ring of poison resistance (right hand)
 s - an uncursed ring of resist corrosion
 u - an uncursed ring of wizardry
 w - the ring of Lupedutu (left hand) {Str+3 Int+2 Stlth+}
   (You found it on level 7 of the Dungeon)

   [ring of stealth]

   It affects your strength (+3).
   It affects your intelligence (+2).
   It makes you more stealthy.
 A - an amulet of guardian spirit (around neck)
 J - a +6 ring of protection
 N - an uncursed amulet of faith
Wands
 y - a wand of iceblast (5/15)
 F - a wand of flame (17/48)
 H - a wand of flame (29/48)
 T - a wand of confusion (7/48)
Scrolls
 h - 3 scrolls of amnesia
 l - 6 scrolls of remove curse
 v - a scroll of fog {unknown}
 x - 2 scrolls of fear
 I - a scroll of enchant weapon
 Q - 2 scrolls of enchant armour
Potions
 e - 2 potions of brilliance
 g - 7 potions of curing
 j - a potion of cure mutation
 m - a potion of cancellation
 n - a potion of agility
 o - a potion of experience {unknown}
 p - a potion of lignification
 r - a potion of flight {unknown}
 z - 4 potions of heal wounds
 C - 7 potions of degeneration
 G - a potion of might
 O - a potion of beneficial mutation {unknown}
 U - a potion of mutation {unknown}
Comestibles
 f - 7 bread rations
 k - 3 royal jellies
 t - 8 meat rations
 B - 4 beef jerkies
 D - 3 slices of pizza


   Skills:
 + Level 10.9 Fighting
 * Level 13.5 Long Blades
 - Level 3.2 Armour
 - Level 10.3 Shields
 + Level 5.0 Evocations


You had 11 spell levels left.
You didn't know any spells.

Dungeon Overview and Level Annotations

Branches:
Dungeon (11/15)            Temple (1/1) D:4            Lair (0/6) D:11
    Orc (0/2) D:10

Altars:
Ashenzari
Cheibriados
Dithmenos
Elyvilon
Fedhas
Gozag
Hepliaklqana
Kikubaaqudgha
Makhleb
Nemelex Xobeh
Okawaru
Qazlal
Ru
Sif Muna
Trog
Uskayaw
Vehumet
Xom
Yredelemnul
Zin
The Shining One

Shops:
D:4 =   D:7 %

Annotations:
D:11 exclusion: hydra


Innate Abilities, Weirdness & Mutations

You are under a permanent stasis effect.
You can dig through walls and to a lower floor.
Your four strong arms can wield two-handed weapons with a shield.
You have a pair of large antennae on your head. (SInv)
You are hated by all.
You cannot study or cast Charms magic.
You cannot study or cast Fire magic.
You cannot study or cast Necromancy magic.
You are sensitive to extremes of temperature. (rF-, rC-)


Message History

The 12-headed hydra bites you but does no damage.
The 12-headed hydra bites you!
* * * LOW HITPOINT WARNING * * *
The 12-headed hydra bites you but does no damage.
You block the 12-headed hydra's attack.
Unknown command.
Okay, then.
As you read the scroll of fear, it crumbles to dust.
You assume a fearsome visage.
The 12-headed hydra resists with almost no effort.
You block the 12-headed hydra's attack.
The 12-headed hydra bites you but does no damage.
The 12-headed hydra bites you.
* * * LOW HITPOINT WARNING * * *
The 12-headed hydra bites you!
* * * LOW HITPOINT WARNING * * *
You block the 12-headed hydra's attack. x2
The 12-headed hydra bites you but does no damage.
The 12-headed hydra bites you!
You die...

##############################
............#................#
............#........#.......#
............#........+.......#
............#........#.......#
............#...@D...#.......#
<...........#........#.......#
............#.########.......#
........(...#................#
............#................#
#############................#
............#................#
............#................#
............#........#.......#


You could see a 12-headed hydra.

Vanquished Creatures
  A hill giant (D:10)
  A cyclops (D:11)
  A troll (D:11)
  3 slime creatures (D:11)
  A merfolk (D:9)
  2 two-headed ogres
  7 hippogriffs
  3 shadows (D:11)
  5 yaks (D:11)
  Grum (D:8)
  The ghost of Bronet the Slasher, an amateur HEMo (D:3)
  Edmund (D:6)
  Menkaure (D:6)
  A hungry ghost (D:11)
  Duvessa (D:6)
  3 water moccasins
  A wasp (D:9)
  4 sky beasts
  6 orc warriors
  A swamp drake (D:10)
  8 ice beasts
  2 black bears (D:9)
  An eye of draining (D:9)
  10 ogres
  4 phantoms
  4 wolves
  7 centaurs
  A crocodile (D:11)
  Blork the orc (D:5)
  2 big kobolds
  A gnoll sergeant (D:7)
  4 bullfrogs
  Dowan (D:6)
  6 scorpions
  A water moccasin skeleton (D:5)
  15 killer bees
  10 wights
  6 crimson imps
  4 centaur zombies
  8 hounds
  2 quasits
  2 bullfrog zombies
  5 jellies
  A gnoll shaman (D:7)
  6 orc priests
  11 orc wizards
  A bullfrog skeleton (D:6)
  A centaur skeleton (D:9)
  Crazy Yiuf (D:6)
  3 iguanas
  12 worker ants
  3 big kobold zombies (Ossuary)
  2 ogre zombies (Ossuary)
  A hound skeleton (D:8)
  7 mummies (Ossuary)
  A worker ant zombie (D:6)
  16 gnolls
  A howler monkey skeleton (D:6)
  A river rat (D:11)
  5 adders
  3 shadow imps
  An ooze (D:4)
  5 adder zombies
  A worm zombie (D:5)
  4 adder skeletons
  A worm (D:6)
  2 dart slugs (D:2)
  5 leopard geckos
  49 orcs
  6 bats
  6 giant cockroaches
  4 goblins
  6 hobgoblins
  12 jackals
  20 kobolds
  2 quokkas
  A ball python (D:1)
  9 frilled lizards
  2 goblin zombies (Ossuary)
  6 hobgoblin zombies (Ossuary)
  2 jackal zombies (D:5)
  5 kobold zombies (Ossuary)
  A quokka zombie (Ossuary)
  10 rats
  4 rat zombies (Ossuary)
390 creatures vanquished.

Vanquished Creatures (others)
  An orc wizard (D:4)
  A jackal (D:6)
2 creatures vanquished.

Grand Total: 392 creatures vanquished

Notes
Turn   | Place    | Note
-------+----------+-------------------------------------------
     0 | D:1      | kae the Formicid Fighter began the quest for the Orb.
     0 | D:1      | Reached XP level 1. HP: 18/18 MP: 1/1
   159 | D:1      | Reached XP level 2. HP: 24/24 MP: 2/2
   834 | D:2      | Reached XP level 3. HP: 29/29 MP: 3/3
  1266 | D:2      | Reached XP level 4. HP: 37/37 MP: 4/4
  1326 | D:3      | Found a sparkling altar of Nemelex Xobeh.
  1329 | D:3      | Found a hide-covered altar of Uskayaw.
  1339 | D:3      | Found a snail-covered altar of Cheibriados.
  1354 | D:3      | Noticed Bronet's ghost (amateur HEMo)
  1368 | D:3      | Killed Bronet's ghost
  1368 | D:3      | Reached skill level 3 in Long Blades
  1368 | D:3      | Reached XP level 5. HP: 37/43 MP: 5/5
  1382 | D:3      | Reached skill level 4 in Long Blades
  1600 | D:3      | Found a glowing golden altar of the Shining One.
  1908 | D:3      | Reached XP level 6. HP: 49/49 MP: 6/6
  2048 | D:4      | Reached skill level 5 in Shields
  2299 | D:4      | Found a staircase to the Ecumenical Temple.
  2309 | Temple   | Entered the Ecumenical Temple
  2326 | Temple   | Became a worshipper of Ru the Awakened
  2536 | D:4      | Found a radiant altar of Vehumet.
  2720 | D:4      | Reached skill level 5 in Fighting
  2720 | D:4      | Reached skill level 5 in Long Blades
  2720 | D:4      | Reached XP level 7. HP: 56/56 MP: 7/7
  2741 | D:4      | Found an ancient bone altar of Kikubaaqudgha.
  3176 | D:4      | Found Kiwoaxep's Jewellery Shoppe.
  3179 | D:4      | Bought a cursed ring of loudness for 63 gold pieces
  3405 | D:5      | Entered Level 5 of the Dungeon
  3472 | D:5      | Reached skill level 6 in Long Blades
  3505 | D:5      | Reached XP level 8. HP: 29/64 MP: 4/8
  3659 | D:5      | Found a sand-covered staircase.
  3672 | D:5      | Reached skill level 7 in Long Blades
  3676 | Ossuary  | Entered an ossuary
  4188 | Ossuary  | Gained mutation: You cannot study or cast Fire magic. [Ru sacrifice]
  4188 | Ossuary  | Gained mutation: You cannot study or cast Necromancy magic. [Ru sacrifice]
  4188 | Ossuary  | Gained mutation: You cannot study or cast Charms magic. [Ru sacrifice]
  4188 | Ossuary  | Reached * piety under Ru
  4303 | D:5      | Reached XP level 9. HP: 71/71 MP: 9/9
  4396 | D:5      | Reached skill level 8 in Long Blades
  4619 | D:5      | Noticed Blork the orc
  4653 | D:5      | Killed Blork the orc
  4968 | D:6      | Noticed Menkaure
  5714 | D:6      | Killed Menkaure
  5714 | D:6      | Reached skill level 9 in Long Blades
  5941 | D:6      | Noticed Duvessa
  5943 | D:6      | Noticed Dowan
  5959 | D:6      | Killed Duvessa
  5971 | D:6      | Killed Dowan
  6032 | D:6      | Noticed Edmund
  6054 | D:6      | Killed Edmund
  6578 | D:6      | Reached XP level 10. HP: 77/80 MP: 10/10
  6594 | D:6      | Found a runed door.
  6656 | D:6      | Noticed Crazy Yiuf
  6666 | D:6      | Killed Crazy Yiuf
  6926 | D:7      | Reached skill level 10 in Long Blades
  7315 | D:7      | Gained mutation: You are hated by all. [Ru sacrifice]
  7315 | D:7      | Reached ** piety under Ru
  7891 | D:7      | Found Mesakk Meum's Food Boutique.
  8041 | D:7      | Got a wavering brass ring
  8444 | D:8      | Reached skill level 11 in Long Blades
  8605 | D:8      | Reached skill level 10 in Shields
  8736 | D:8      | Noticed Grum
  8751 | D:8      | Reached XP level 11. HP: 76/89 MP: 11/11
  9220 | D:8      | Killed Grum
 10105 | D:9      | Reached skill level 12 in Long Blades
 10274 | D:9      | Gained mutation: You are sensitive to extremes of temperature. (rF-, rC-) [Ru sacrifice]
 10274 | D:9      | Reached *** piety under Ru
 10274 | D:9      | Reached **** piety under Ru
 10274 | D:9      | Reached ***** piety under Ru
 10337 | D:9      | Found a glowing silver altar of Zin.
 10745 | D:9      | Reached skill level 1 in Evocations
 11499 | D:10     | Entered Level 10 of the Dungeon
 11507 | D:10     | Identified the ring of Lupedutu {Str+3 Int+2 Stlth+} (You found it on level 7 of the Dungeon)
 11574 | D:10     | Reached skill level 10 in Fighting
 11748 | D:10     | Got an ichor-stained ring mail
 11759 | D:10     | Identified the cursed +0 ring mail "Omninop" {rN+ Slay+4} (You found it on level 10 of the Dungeon)
 11787 | D:10     | Noticed a hill giant
 11793 | D:10     | Killed a hill giant
 11926 | D:10     | Found a staircase to the Orcish Mines.
 12225 | D:11     | Noticed a four-headed hydra
 12305 | D:11     | Reached XP level 12. HP: 80/98 MP: 11/14
 12333 | D:11     | Reached skill level 13 in Long Blades
 12606 | D:11     | Found a staircase to the Lair.
 13174 | D:11     | Reached skill level 5 in Evocations
 13242 | D:11     | HP: 3/99 [12-headed hydra (8)]
 13242 | D:11     | Mangled by a 12-headed hydra

Vault maps used:
D:1:      matt_arrival_spirals
D:2:      first_bread, minmay_small_reverse_x
D:3:      tso_altar, grunt_temple_overflow_open
D:4:      fiery_altar_vehumet, kiku_gazebo_garden_becter, serial_glass,
          glass_columns_a, glass_columns_c, serial_shops,
          nicolae_shop_behind_doors
D:5:      enter_ossuary_3, wad_rectangle_vault, uniq_blork_the_orc
D:6:      uniq_edmund, uniq_crazy_yiuf_cottage, uniq_menkaure, uniq_duvessa
D:7:      serial_shops, shop
D:8:      uniq_grum
D:9:      old_standard_altar, hangedman_fish_farm
D:10:     erik_orc_1
D:11:     dpeg_lair_monsters
Temple:   zaba_magenta_temple
Ossuary:  ossuary_boxes_badplayer

Skill      XL: |  1  2  3  4  5  6  7  8  9 10 11 12 |
---------------+-------------------------------------+-----
Shields        | 4 5 6 7 8 10 | 10.3
Fighting       | 4 5 6 7 9 10 | 10.9
Long Blades    | 3 4 5 6 7 9 11 12 13 | 13.5
Evocations     | 3 5 |  5.0
Armour         | |  3.2

Action                   |  1- 3 |  4- 6 |  7- 9 | 10-12 || total
-------------------------+-------+-------+-------+-------++-------
Melee: Long sword        |   124 |   116 |   567 |   503 ||  1310
       Falchion          |       |       |       |   587 ||   587
Invok: Sacrifice Arcana  |       |       |     1 |       ||     1
       Sacrifice Love    |       |       |       |     1 ||     1
       Draw Out Power    |       |       |       |     1 ||     1
       Sacrifice Resista |       |       |       |     1 ||     1
 Abil: Dig               |     1 |     2 |     4 |    19 ||    26
  Use: Scroll            |       |       |    14 |    10 ||    24
       Potion            |       |       |     3 |     1 ||     4
 Stab: Distracted        |       |       |     1 |     3 ||     4
       Invisible         |       |       |       |     2 ||     2
  Eat: Chunk             |     1 |     1 |     8 |    22 ||    32
       Meat ration       |       |     1 |     1 |       ||     2
       Fruit             |       |       |       |     2 ||     2
Armor: Scale mail        |    37 |    36 |   142 |   170 ||   385
       Skin              |       |       |     4 |       ||     4
       Ring mail         |       |       |       |    49 ||    49
Dodge: Dodged            |    38 |    29 |   131 |   224 ||   422
Block: Shield            |    52 |    65 |   250 |   486 ||   853
